 Dungeon Crawl Stone Soup version 0.24.0-123-gd5b16e6ec5 (webtiles) character file.

Game seed: 14481819971526375965, levelgen mode: deterministic

85 PentaManta the Shield-Bearer (level 4, -6/31 HPs)
             Began as an Octopode Fighter on Dec 30, 2019.
             Mangled by Robin
             ... wielding a +0 whip
              (12 damage)
             ... on level 3 of the Dungeon.
             The game lasted 00:03:06 (1805 turns).

PentaManta the Shield-Bearer (Octopode Fighter)     Turns: 1805, Time: 00:03:06

Health: -6/31      AC:  1    Str: 15    XL:     4   Next: 48%
Magic:  4/4        EV: 12    Int: 10    God:
Gold:   85         SH:  9    Dex: 12    Spells: 3/3 levels left

rFire    . . .     SeeInvis .   f - +0 dagger
rCold    . . .     Gourm    .   b - +0 shield
rNeg     . . .     Faith    .   (helmet restricted)
rPois    .         Spirit   .   (no amulet)
rElec    .         Reflect  .   (no ring)
rCorr    .         Harm     .   (no ring)
MR       .....                  (no ring)
Stlth    +++.......             (no ring)
HPRegen  0.10/turn              (no ring)
MPRegen  0.09/turn              (no ring)
                                (no ring)
                                (no ring)

@: no status effects
A: almost no armour, stealthy swim, amphibious, 8 rings, constrict 8, camouflage
1, gelatinous body 1
a: no special abilities


You were on level 3 of the Dungeon.
You were not hungry.

You visited 1 branch of the dungeon, and saw 3 of its levels.

You collected 85 gold pieces.

Inventory:

Hand Weapons
 a - a +0 long sword
 f - a +0 dagger (weapon)
Missiles
 g - 50 stones (quivered)
 k - 18 poisoned darts
Armour
 b - a +0 shield (worn)
Scrolls
 i - 2 scrolls of remove curse
Potions
 c - a potion of might
 e - a potion of magic {unknown}
 h - 2 potions of heal wounds {unknown}
 j - a potion of brilliance {unknown}
 l - 2 potions of curing {unknown}
Comestibles
 d - 9 rations
 m - a chunk of flesh


   Skills:
 - Level 3.0 Fighting
 + Level 2.8 Long Blades
 + Level 3.6 Dodging
 + Level 2.6 Stealth
 + Level 3.6 Shields


You had 3 spell levels left.
You didn't know any spells.
Your spell library was empty.

Dungeon Overview and Level Annotations

Branches:
Dungeon (3/15)

Altars:
Ashenzari
Hepliaklqana

Annotations:
D:3 Robin


Innate Abilities, Weirdness & Mutations

You cannot wear most types of armour.
You are very stealthy in the water. (Stealth+)
You are amphibious.
You can wear up to eight rings at the same time.
You can use your tentacles to constrict eight enemies at once.
Your skin changes colour to match your surroundings (Stealth+).
Your rubbery body absorbs attacks. (AC +1, EV +1)


Message History

Robin shouts!
The hobgoblin shouts!
The goblin shouts!
The hobgoblin shouts!
You hear a shout!
A goblin comes into view. It is wielding a +0 dagger.
Robin drinks a potion.
Robin goes berserk!
A rat comes into view.
The goblin shouts!
You hear an angry hiss.
The goblin shouts!
Robin rages.
Items here: ))) † a +0 club; a +0 dagger x2; a goblin corpse You hear an angry hiss.
Robin hits you with a +0 whip!
Robin rages.
Robin barely misses you. Robin hits you with a +0 whip!
* * * LOW HITPOINT WARNING * * *
As you read the scroll labeled AHEILO GAIZI, it crumbles to dust.
You feel blessed for a moment.
It was a scroll of remove curse.
Robin hits you with a +0 whip!
You die...

#.#.#######.# .r...
########.#.........# ......
#........##....#######......
#........)..##.##.g..ggg....
#........#####.##.#).g....#
#........#.....##.#g##......
#........#.####.g.g.# g.g..
#........# #g#...# ##..
#......... #@#...##.## .
#.......... #.#.........
#.......... ..#..###.###
#........##. ####..# # #..#
#..# ...# #..# ##.#


You could see Robin (berserk), a hobgoblin and a goblin.

Vanquished Creatures
  An orc priest (D:3)
  An adder (D:2)
  2 worms (D:3)
  3 leopard geckos
  An orc (D:3)
  2 giant cockroaches
  6 goblins
  4 hobgoblins
  8 kobolds
  4 bats
  2 frilled lizards (D:1)
  3 rats
37 creatures vanquished.

Notes
Turn   | Place    | Note
-------+----------+-------------------------------------------
     0 | D:1      | PentaManta the Octopode Fighter began the quest for the
                  | Orb.
     0 | D:1      | Reached XP level 1. HP: 16/16 MP: 1/1
   309 | D:1      | Reached skill level 1 in Stealth
   309 | D:1      | Reached XP level 2. HP: 21/21 MP: 2/2
   843 | D:2      | Reached XP level 3. HP: 21/26 MP: 3/3
   909 | D:2      | Found a shattered altar of Ashenzari.
  1165 | D:2      | Found a hazy altar of Hepliaklqana.
  1574 | D:3      | Reached XP level 4. HP: 18/31 MP: 4/4
  1774 | D:3      | Noticed Robin
  1805 | D:3      | Mangled by Robin

Levels and vault maps discovered:
D:1:      minmay_arrival_wavy_path, layout_basic
D:2:      layout_loops_ring, evilmike_ruin_ashenzari, old_standard_altar,
          nrook_loot_triangle
D:3:      layout_basic, uniq_robin

Skill      XL: |  1  2  3 |
---------------+----------+-----
Stealth        | 1 2 |  2.6
Fighting       | |  3.0
Long Blades    | |  2.8
Dodging        | |  3.6
Shields        | |  3.6

Action                   |  1- 3 |  4- 6 || total
-------------------------+-------+-------++-------
Melee: Dagger            |    61 |    16 ||    77
       Constrict         |    14 |     5 ||    19
       Long sword        |     3 |       ||     3
       Tentacles         |    13 |     3 ||    16
  Use: Scroll            |       |     1 ||     1
 Stab: Sleeping          |     8 |     3 ||    11
  Eat: Chunk             |     1 |     2 ||     3
Armor: Skin              |     7 |     1 ||     8
Dodge: Dodged            |    21 |     6 ||    27
Block: Shield            |    19 |     2 ||    21
